 Dungeon Crawl Stone Soup version 0.31-a0-182-gc5ef74bbde (webtiles) character file.

Game seed: 16175032896613252148

31 Gargoyl the Trooper (level 3, -1/23 HPs)
             Began as a Gargoyle Berserker on June 21, 2023.
             Was a Follower of Trog.
             Killed by divine providence
             ... invoked by an orc priest
              (13 damage)
             ... on level 2 of the Dungeon.
             The game lasted 00:01:12 (990 turns).

Gargoyl the Trooper (Gargoyle Berserker)             Turns: 990, Time: 00:01:13

Health: -1/23      AC:  6    Str: 20    XL:     3   Next: 22%
Magic:  3/3        EV: 12    Int:  7    God:    Trog [*.....]
Gold:   14         SH:  0    Dex: 11    Spells: 2/2 levels left

rFire   . . .        a - +0 hand axe
rCold   . . .        (no shield)
rNeg    + . .        b - +0 animal skin
rPois   ∞            (no helmet)
rElec   +            c - +0 cloak
rCorr   .            (no gloves)
SInv    .            (no boots)
Will    .....        (no amulet)
Stlth   +            (no ring)
HPRegen 0.23/turn    (no ring)
MPRegen 0.08/turn

%: no passive effects
@: no status effects
A: sickness immunity, AC +3, negative energy resistance 1, electricity
resistance, torment resistance 1, petrification resistance
a: Renounce Religion, Berserk


You were on level 2 of the Dungeon.
You worshipped Trog.
Trog was aware of your devotion.
You visited 1 branch of the dungeon, and saw 2 of its levels.

You collected 14 gold pieces.

Inventory:

Hand Weapons
 a - a +0 hand axe (weapon)
Armour
 b - a +0 animal skin (worn)
 c - a +0 cloak (worn)
Scrolls
 e - a scroll of teleportation
Potions
 d - a potion of curing {unknown}
 f - a potion of degeneration {unknown}


   Skills:
 + Level 3.6 Fighting
 + Level 3.2 Axes
 + Level 2.3 Armour
 + Level 1.9 Dodging
 + Level 0.2 Stealth


You had 2 spell levels left.
You didn't know any spells.
Your spell library was empty.

Dungeon Overview and Level Annotations

Branches:
Dungeon (2/15)

Altars:


Innate Abilities, Weirdness & Mutations

You are immune to sickness and miasma.
Your stone body is resilient. (AC +3)
You are immune to poison.
You resist negative energy. (rN+)
You are resistant to electric shocks. (rElec)
You are resistant to unholy torment.
You are immune to petrification.


Message History

You slash the bat!
You kill the bat!
Trog accepts your kill.
You swing at nothing.
You swing at nothing.
You swing at nothing.
Things that are here:
a +0 short sword; 5 stones; a bat corpse
e - a scroll labelled MUKOIPP HYDA
f - a fizzy cyan potion You now have 14 gold pieces (gained 6).
A frilled lizard comes into view.
The frilled lizard hisses angrily.
You miss the frilled lizard. The frilled lizard closely misses you.
You hit the frilled lizard.
You kill the frilled lizard!
Trog accepts your kill.
You see here a frilled lizard corpse.
As you read the scroll labelled MUKOIPP HYDA, it crumbles to dust.
You feel aware of your surroundings.
It was a scroll of revelation.
e - a scroll of teleportation An orc priest, an orc wizard and an orc come into view.
The orc shouts!
The orc wizard shouts!
The orc moves out of view.
The orc priest shouts!
There are monsters nearby!
You hear a shout!
The orc wizard hits you with a +0 dagger.
An orc priest comes into view. It is wielding a +0 flail.
You closely miss the orc wizard.
The orc wizard gestures wildly while chanting.
The orc wizard flickers and vanishes!
Deactivating autopickup; reactivate with Ctrl-A.
The orc priest mumbles some strange prayers to Beogh against you.
Beogh smites you!
The orc priest mumbles some strange prayers to Beogh against you.
Beogh smites you!
Ouch! That really hurt!
You die...

#.#*,*
#..#******
#.#*,*
*#...,,,,,,
#.#*,*
*....,,,,,,
#.#*,*
*,,********
#.#*,* **,,*
#.#*,***,*,*****
#.#*,#*,***,,,,*
#.##o#.#*
**,*,****
#.@{o.#*
**,,,,,,
####o#.#*
**,,,,,,,
*,#*,***,**,*,**
*,**,,*,***,*,**
*,**,*,***,,,,,,
*,**,*****,,,,,,
*,**,,,,,,,,,,,,
*,********,,,,,,
*>,,,,,,,*,,,,,,


You could see 2 orc priests and an orc.

Vanquished Creatures
  A dart slug (D:1)
  An endoplasm (D:1)
  2 goblins
  7 hobgoblins
  3 jackals (D:1)
  2 ball pythons
  5 bats
  4 frilled lizards
  A kobold (D:2)
  A rat (D:1)
27 creatures vanquished.

Notes
Turn   | Place    | Note
-------+----------+-------------------------------------------
     0 | D:1      | Gargoyl the Gargoyle Berserker began the quest for the Orb.
     0 | D:1      | Reached XP level 1. HP: 14/14 MP: 1/1
   216 | D:1      | Reached XP level 2. HP: 15/19 MP: 2/2
   749 | D:1      | Reached XP level 3. HP: 23/23 MP: 3/3
   990 | D:2      | Killed from afar by an orc priest

Illustrated notes

Levels and vault maps discovered:
D:1:      minmay_arrival_diagonal_passages, layout_basic
D:2:      layout_loops_ring, st_stairs_5, amethyst_killhole,
          minmay_snake_closets

Skill      XL: |  1  2 |
---------------+-------+-----
Axes           | 3 |  3.2
Fighting       | |  3.6
Armour         | |  2.3
Dodging        | |  1.9
Stealth        | |  0.2

Action                     || total
---------------------------++-------
  Melee: Hand axe          ||    77
    Use: Scroll            ||     4
   Stab: Sleeping          ||     1
 Armour: Animal skin       ||    55
  Dodge: Dodged            ||    78

Table legend: (Time is in decaauts)
 A = Elapsed time spent in this place.
 B = Non-inter-level travel time spent in this place.
 C = Inter-level travel time spent in this place.
 D = Time resting spent in this place.
 E = Time spent auto-exploring this place.
 F = Levels seen in this place.
 G = Mean time per level.
                   A        B        C        D        E       F      G
               +--------+--------+--------+--------+--------+-----+--------+
         Total |   1006 |    959 |     47 |      0 |    696 |   2 |  503.0 |
       Dungeon |   1006 |    959 |     47 |      0 |    696 |   2 |  503.0 |
               +--------+--------+--------+--------+--------+-----+--------+

Top non-repeatable levels by time:
     D:1: 857 daAuts
     D:2: 148 daAuts
